 Dungeon Crawl Stone Soup version 0.30.0-3-ga4e48a9924 (webtiles) character file.

Game seed: 6765717657182844202

59 Persephone the Chopper (level 3, 0/31 HPs)
             Began as a Minotaur Fighter on May 7, 2023.
             Was a Follower of Okawaru.
             Slain by Crazy Yiuf
             ... wielding a +4 quarterstaff of chaos
              (14 damage)
             ... on level 2 of the Dungeon.
             The game lasted 00:02:21 (1070 turns).

Persephone the Chopper (Minotaur Fighter)           Turns: 1070, Time: 00:02:21

Health: 0/31       AC:  6    Str: 22    XL:     3   Next: 78%
Magic:  0/2        EV:  9    Int:  5    God:    Okawaru [*.....]
Gold:   44         SH:  4    Dex:  9    Spells: 2/2 levels left

rFire   . . .        a - +0 war axe
rCold   . . .        c - +0 buckler
rNeg    . . .        b - +0 scale mail
rPois   .            (helmet restricted)
rElec   .            (no cloak)
rCorr   .            (no gloves)
SInv    .            (no boots)
Will    .....        (no amulet) Stlth
                     (no ring)
HPRegen 0.25/turn    (no ring)
MPRegen 0.08/turn

%: no passive effects
@: no status effects
A: horns 2, retaliatory headbutt
a: Renounce Religion, Heroism


You were on level 2 of the Dungeon.
You worshipped Okawaru.
Okawaru was aware of your devotion.
You visited 1 branch of the dungeon, and saw 2 of its levels.

You collected 44 gold pieces.

Inventory:

Hand Weapons
 a - a +0 war axe (weapon)
Armour
 b - a +0 scale mail (worn)
 c - a +0 buckler (worn)
Jewellery
 n - a ring of flight
Scrolls
 e - 2 scrolls of fear {unknown}
 f - a scroll of magic mapping {unknown}
 g - a scroll of blinking {unknown}
 h - a scroll of poison {unknown}
 i - a scroll of amnesia {unknown}
 l - a scroll of summoning {unknown}
 o - a scroll of identify {unknown}
Potions
 d - a potion of might
 j - a potion of curing {unknown}
 k - a potion of resistance {unknown}
 m - a potion of brilliance {unknown}


   Skills:
 - Level 3.6 Fighting
 + Level 4.6 Axes
 - Level 3.6 Armour
 - Level 3.6 Shields
 + Level 1.3 Invocations


You had 2 spell levels left.
You didn't know any spells.
Your spell library was empty.

Dungeon Overview and Level Annotations

Branches:
Dungeon (2/15)

Altars:
Okawaru

Annotations:
D:2 Crazy Yiuf


Innate Abilities, Weirdness & Mutations

You have a pair of horns on your head.
You reflexively headbutt those who attack you in melee.


Message History

No target in view!
No target in view!
No target in view!
No target in view!
No target in view!
You now have 32 gold pieces (gained 8).
You see here a rat corpse.
Key pressed, stopping explore.
Key pressed, stopping explore.
You now have 44 gold pieces (gained 12).
Key pressed, stopping explore.
Found a hammer.
Found two hammers.
You see here a +0 hammer.
Found seven hammers.
Found a runed translucent door.
You see here a +0 hammer.
Found a hammer.
Crazy Yiuf shouts!
You see here a +0 hammer.
Saving game... please wait.
Level annotation: 1 runed translucent door, Crazy Yiuf Welcome back, Persephone the Minotaur Fighter.
Okawaru says: Bring me glory in combat!
Press ? for a list of commands and other information.
Crazy Yiuf yells, "Citrus!
Candle arm aubergine."
You see here a +0 hammer.
Found three hammers.
You see here a +0 hammer.
You open the door. You hit Crazy Yiuf but do no damage.
Crazy Yiuf hits you with a +4 quarterstaff of chaos!
You feel your power leaking away.
Crazy Yiuf laughs, "Rifle snail bush!"
Crazy Yiuf hits you with a +4 quarterstaff of chaos.
Crazy Yiuf burns you.
You slash Crazy Yiuf! You headbutt Crazy Yiuf!
Crazy Yiuf is almost dead.
Crazy Yiuf yells, "Castle!
Goober sow childish."
Crazy Yiuf hits you with a +4 quarterstaff of chaos!
You die...

.###### .# .####
....#### ###....#
####.###♣♣♣♣♣
#.##.P)♣)♣♣♣ ###
#......)♣))♣#)))#
#.....P♣♣♣♣@g)).#
##.#.P♣♣ ♣♣#)))#
####♣♣ ###


You could see Crazy Yiuf.

Vanquished Creatures
  A gnoll (D:1)
  An adder (D:2)
  A dart slug (D:1)
  4 endoplasms
  A giant cockroach (D:2)
  3 goblins (D:1)
  5 hobgoblins (D:1)
  2 quokkas (D:1)
  3 ball pythons (D:1)
  3 bats (D:1)
  8 kobolds (D:1)
  6 rats
38 creatures vanquished.

Vanquished Creatures (others)
  A fungus (D:1)
  2 plants (D:2)
3 creatures vanquished.

Grand Total: 41 creatures vanquished

Notes
Turn   | Place    | Note
-------+----------+-------------------------------------------
     0 | D:1      | Persephone the Minotaur Fighter began the quest for the
                  | Orb.
     0 | D:1      | Reached XP level 1. HP: 19/19 MP: 0/0
    64 | D:1      | Reached skill level 3 in Axes
    64 | D:1      | Reached XP level 2. HP: 22/26 MP: 1/1
   168 | D:1      | Found a faded altar of an unknown god.
   193 | D:1      | Prayed at the altar of an unknown god.
   193 | D:1      | Became a worshipper of Warmaster Okawaru
   193 | D:1      | Reached * piety under Okawaru
   275 | D:1      | Reached skill level 4 in Axes
   363 | D:1      | Reached XP level 3. HP: 31/31 MP: 2/2
   853 | D:2      | Reached skill level 1 in Invocations
  1064 | D:2      | Found a runed translucent door.
  1065 | D:2      | Noticed Crazy Yiuf
  1070 | D:2      | Slain by Crazy Yiuf

Illustrated notes

Levels and vault maps discovered:
D:1:      dpeg_arrival_central, layout_basic, dreamdust_ecumenical_altar_grove,
          roderic_lattice_a
D:2:      layout_rooms, chequers_avenue, serial_bayou_ford_a,
          amcnicky_mini_corridor_feature, uniq_crazy_yiuf_cottage

Skill      XL: |  1  2  3 |
---------------+----------+-----
Axes           | 3 4 |  4.6
Invocations    | 1 |  1.3
Fighting       | |  3.6
Armour         | |  3.6
Shields        | |  3.6

Action                     || total
---------------------------++-------
  Melee: War axe           ||    68
         Headbutt          ||     7
 Armour: Scale mail        ||    27
  Dodge: Dodged            ||    26
  Block: Buckler           ||    20
